 Dungeon Crawl Stone Soup version 0.22.1-1-ga44c0e5 (webtiles) character file.

33 topirishpotato the Protected (level 3, -1/28 HPs)
             Began as a Gnoll Wanderer on Sept 24, 2018.
             Slain by a kobold
             ... wielding a +0 whip of electrocution
              (3 damage)
             ... on level 2 of the Dungeon.
             The game lasted 00:01:57 (1010 turns).

topirishpotato the Protected (Gnoll Wanderer)       Turns: 1010, Time: 00:01:58

Health: -1/28      AC: 10    Str: 11    XL:     3   Next: 29%
Magic:  4/4        EV:  9    Int: 14    God:
Gold:   47         SH:  0    Dex: 18    Spells: 3/3 levels left

rFire    . . .     SeeInvis .   i - -2 dagger (curse)
rCold    . . .     Gourm    .   (no shield)
rNeg     . . .     Faith    .   a - +2 scale mail
rPois    .         Spirit   .   (no helmet)
rElec    .         Reflect  .   (no cloak)
rCorr    .         Harm     .   (no gloves)
MR       .....                  (no boots)
Stlth    ++........             (no amulet)
HPRegen  0.09/turn              (no ring)
MPRegen  0.09/turn              (no ring)

@: no status effects
A: distributed training, fangs 1, strong nose
a: no special abilities


You were on level 2 of the Dungeon.
You were hungry.

You visited 1 branch of the dungeon, and saw 2 of its levels.

You collected 47 gold pieces.

Inventory:

Hand Weapons
 d - a +0 dagger
 i - a cursed -2 dagger (weapon)
Missiles
 h - 53 stones (quivered)
Armour
 a - a +2 scale mail (worn)
Scrolls
 e - a scroll of fear
Potions
 c - a potion of lignification
 g - a potion of haste
Comestibles
 f - 3 rations


   Skills:
 + Level 2.6 Fighting
 + Level 0.7 Short Blades
 + Level 0.7 Long Blades
 + Level 0.7 Axes
 + Level 0.7 Maces & Flails
 + Level 2.6 Polearms
 + Level 0.7 Staves
 + Level 0.7 Slings
 + Level 2.6 Bows
 + Level 0.7 Crossbows
 + Level 0.7 Throwing
 + Level 8.5 Armour
 + Level 0.7 Dodging
 + Level 4.1 Stealth
 + Level 0.7 Shields
 + Level 0.7 Unarmed Combat
 + Level 0.7 Spellcasting
 + Level 0.5 Conjurations
 + Level 0.5 Hexes
 + Level 0.5 Charms
 + Level 0.5 Summonings
 + Level 0.5 Necromancy
 + Level 0.5 Translocations
 + Level 0.5 Transmutations
 + Level 0.5 Fire Magic
 + Level 0.5 Ice Magic
 + Level 0.5 Air Magic
 + Level 0.5 Earth Magic
 + Level 0.5 Poison Magic
 + Level 0.9 Invocations
 + Level 2.6 Evocations


You had 3 spell levels left.
You didn't know any spells.
Your spell library was empty.

Dungeon Overview and Level Annotations

Branches:
Dungeon (2/15)

Altars:


Innate Abilities, Weirdness & Mutations

Your experience applies equally to all skills.
You have very sharp teeth.
Your uncanny sense of smell can sniff out nearby items.


Message History

* * * LOW HITPOINT WARNING * * *
You are too injured to fight recklessly!
You are too injured to fight recklessly!
You are too injured to fight recklessly!
You are too injured to fight recklessly!
You are too injured to fight recklessly!
You are too injured to fight recklessly!
You are too injured to fight recklessly!
You are too injured to fight recklessly!
You are too injured to fight recklessly!
You are too injured to fight recklessly!
You are too injured to fight recklessly!
Okay, then.
You hit the kobold.
The kobold is heavily wounded.
The kobold hits you but does no damage.
You barely miss the kobold.
The kobold is heavily wounded.
The kobold hits you with a whip of electrocution.
You die...

********** #.# #.# ********
###*##### #†# ,,,*,,,* #..,,...#
#.# ,,,,,,,* #.#*###.###.###
**,*,,,* #.# #...†.....# **,**,**
####.###†#.##....# **,**,*
#........#.#....)#### ,,,,,,*
#.##@#####.##........ **,****
***,*#.K.....###.###### *,*
*,,,,>######## #.# *,* *,*,#.*
#.# *>* *,*,#.* *#+#* *,*
*,*,#.**** **,,,** *,* *,*,..,,,*
**,,,,,** **,**
*,**#.,*,****,,∆,,,,**
*,,,*******,***,,,,,,,,,,,,,,,,**


You could see a kobold.

Vanquished Creatures
  An ooze (D:1)
  A leopard gecko (D:1)
  5 giant cockroaches
  7 hobgoblins
  2 bats
  2 frilled lizards
  4 goblins
  2 kobolds
  3 rats (D:1)
27 creatures vanquished.

Notes
Turn   | Place    | Note
-------+----------+-------------------------------------------
     0 | D:1      | topirishpotato the Gnoll Wanderer began the quest for the
                  | Orb.
     0 | D:1      | topirishpotato set off with: a +2 scale mail, a +0 mace, a
                  | potion of lignification, a +0 dagger, a ration
     0 | D:1      | Reached XP level 1. HP: 17/17 MP: 2/2
   124 | D:1      | Reached XP level 2. HP: 20/23 MP: 3/3
   710 | D:2      | Reached XP level 3. HP: 26/28 MP: 4/4
  1010 | D:2      | Slain by a kobold

Action                   || total
-------------------------++-------
Melee: Dagger            ||   250
       Bite              ||    30
       Punch             ||     1
  Use: Scroll            ||     3
Armor: Scale mail        ||   117
Dodge: Dodged            ||   121
